 Dungeon Crawl Stone Soup version 0.27-a0-1525-g1038ab4fd7 (webtiles) character file.

Game seed: 4520614054951654257

2 lmSkywalker the Ruffian (level 1, -3/16 HPs)
             Began as a Draconian Transmuter on July 10, 2021.
             Frozen to death by an endoplasm (4 damage)
             ... on level 1 of the Dungeon.
             The game lasted 00:00:28 (165 turns).

lmSkywalker the Ruffian (Draconian Transmuter)       Turns: 165, Time: 00:00:28

Health: -3/16      AC:  4    Str: 12    XL:     1   Next: 25%
Magic:  3/3        EV: 12    Int: 13    God:
Gold:   16         SH:  0    Dex: 11    Spells: 3/4 levels left

rFire    . . .     SeeInvis .     - Unarmed
rCold    . . .     Faith    .   (no shield)
rNeg     . . .     Spirit   .   (armour unavailable)
rPois    .         Reflect  .   (helmet currently unavailable)
rElec    .         Harm     .   (no cloak)
rCorr    .         Rampage  .   (no gloves)
Will     .....                  (boots currently unavailable)
Stlth    +.........             (no amulet)
HPRegen  0.05/turn              (no ring)
MPRegen  0.08/turn              (no ring)

@: appendages (expiring), slowed, very slow
A: horns 2, talons 2, AC +4, unfitting armour, cold-blooded
a: End Transformation


You were on level 1 of the Dungeon.
You had temporarily grown beastly horns and talons.
You visited 1 branch of the dungeon, and saw 1 of its levels.

You collected 16 gold pieces.

Inventory:

Scrolls
 a - a scroll of identify {unknown}


   Skills:
 + Level 1.1 Fighting
 + Level 1.8 Dodging
 + Level 3.0 Unarmed Combat
 + Level 2.0 Spellcasting
 + Level 2.0 Transmutations


You had 3 spell levels left.
You knew the following spells:

 Your Spells              Type           Power      Damage    Failure   Level
a - Beastly Appendage     Tmut           12%        N/A       11%         1

Your spell library contained the following spells:

 Spells                   Type           Power      Damage    Failure   Level
 Wereblood                Tmut           6%         N/A       17%         2
 Spider Form              Tmut/Pois      1%         N/A       45%         3
 Ice Form                 Ice/Tmut       3%         N/A       86%         4


Dungeon Overview and Level Annotations

Branches:
Dungeon (1/15)

Altars:


Innate Abilities, Weirdness & Mutations

You have temporarily grown beastly horns and talons.
Your plain brown scales are hard. (AC +4)
You cannot fit into any form of body armour.
You are cold-blooded and may be slowed by cold attacks.


Message History

No target in view!
Your transformation is almost over.
Your horns disappear.
Your talons disappear.
HP restored.
An endoplasm comes into view.
Found 19 stones.
Casting: Beastly Appendage (safe; 11% risk of failure)
Confirm with . or Enter, or press ? or * to list all spells.
You grow a pair of large bovine horns.
Your feet morph into talons.
The endoplasm quivers.
The endoplasm freezes you.
You are frozen.
You feel yourself slow down.
You hit the endoplasm but do no damage. The endoplasm freezes you.
You are frozen.
You feel as though you will be slow longer.
The endoplasm misses you.
You are too injured to fight recklessly!
You are too injured to fight recklessly!
You are too injured to fight recklessly!
You hit the endoplasm.
The endoplasm is lightly wounded.
The endoplasm hits you.
* * * LOW HITPOINT WARNING * * *
You barely miss the endoplasm.
The endoplasm is lightly wounded.
Your transformation is almost over.
The endoplasm hits you but does no damage.
You hit the endoplasm but do no damage.
The endoplasm is lightly wounded.
The endoplasm jiggles.
The endoplasm hits you.
* * * LOW HITPOINT WARNING * * *
The endoplasm barely misses you.
You hit the endoplasm but do no damage.
You tail-slap the endoplasm, but do no damage.
The endoplasm is lightly wounded.
The endoplasm freezes you.
You are frozen.
You die...

##...###...#....# .
#...# #.###....# .
#######...# #.# #....#
.
#.........###.####...#
. #.........#.....
....# #
#......####.#.####.###
#................#.
#........J....##+
#........@.(.....
#......##........
##......#...##...
........+..... ..
##......#...### #.....
#...# .... ####. ..


You could see an endoplasm.

Vanquished Creatures
  An endoplasm (D:1)
  A frilled lizard (D:1)
2 creatures vanquished.

Notes
Turn   | Place    | Note
-------+----------+-------------------------------------------
     0 | D:1      | lmSkywalker the Draconian Transmuter began the quest for
                  | the Orb.
     0 | D:1      | Reached XP level 1. HP: 16/16 MP: 3/3
   165 | D:1      | Frozen to death by an endoplasm

Illustrated notes

Levels and vault maps discovered:
D:1:      lightli_arrival_maybe_door_vault, layout_basic,
          hellmonk_ecumenical_altar_blasted

Action                   || total
-------------------------++-------
Melee: Unarmed           ||     8
       Kick              ||     2
       Tailslap          ||     1
 Cast: Beastly Appendage ||     3
Armor: Skin              ||     1
Dodge: Dodged            ||     3

Table legend: (Time is in decaauts)
 A = Elapsed time spent in this place.
 B = Non-inter-level travel time spent in this place.
 C = Inter-level travel time spent in this place.
 D = Time resting spent in this place.
 E = Time spent auto-exploring this place.
 F = Levels seen in this place.
 G = Mean time per level.
                   A        B        C        D        E       F      G
               +--------+--------+--------+--------+--------+-----+--------+
         Total |    166 |    166 |      0 |      0 |    126 |   1 |  166.0 |
       Dungeon |    166 |    166 |      0 |      0 |    126 |   1 |  166.0 |
               +--------+--------+--------+--------+--------+-----+--------+

Top non-repeatable levels by time:
     D:1: 166 daAuts
